 Dungeon Crawl Stone Soup version 0.21.1-1-g345015f (webtiles) character file.

155 Monsterracer the Insei (level 5, -4/33 HPs)
             Began as an Octopode Arcane Marksman on June 14, 2018.
             Slain by a gnoll
             ... wielding a +0 spear
              (6 damage)
             ... on level 3 of the Dungeon.
             The game lasted 00:02:50 (2859 turns).

Monsterracer the Insei (Octopode Arcane Marksman)   Turns: 2859, Time: 00:02:50

Health: -4/33      AC:  1    Str: 11    XL:     5   Next: 37%
Magic:  6/6        EV: 13    Int: 17    God:
Gold:   112        SH:  0    Dex: 12    Spells: 1/6 levels left

rFire    . . .     SeeInvis .     - Unarmed
rCold    . . .     Gourm    .   (no shield)
rNeg     . . .     Faith    .   (helmet restricted)
rPois    .         Spirit   .   (no amulet)
rElec    .         Reflect  .   m - +2 ring of strength
rCorr    .         Harm     .   (no ring)
MR       .....                  (no ring)
Stlth    ++........             (no ring)
HPRegen  0.11/turn              (no ring)
MPRegen  0.10/turn              (no ring)
                                (no ring)
                                (no ring)

@: lethally poisoned (-4 -> -6)
A: almost no armour, stealthy swim, amphibious, 8 rings, constrict 8, camouflage
1, gelatinous body 1
a: no special abilities


You were on level 3 of the Dungeon.
You were not hungry.

You visited 1 branch of the dungeon, and saw 3 of its levels.

You collected 112 gold pieces.

Inventory:

Hand Weapons
 b - a +0 hand crossbow
Jewellery
 m - a +2 ring of strength (left tentacle)
Wands
 n - a wand of iceblast (9)
Scrolls
 a - a scroll of blinking {unknown}
 f - a scroll of magic mapping {unknown}
 h - a scroll of remove curse
 k - 2 scrolls of amnesia {unknown}
 o - 2 scrolls of identify {unknown}
 p - a scroll of enchant weapon {unknown}
 q - a scroll of teleportation {unknown}
Potions
 g - a potion of cancellation {unknown}
 i - a potion of lignification {unknown}
 j - 3 potions of curing {unknown}
 l - a potion of magic {unknown}
 r - a potion of degeneration {unknown}
Books
 e - a book of Debilitation

   Spells                             Type                      Level
   a - Corona                         Hexes                        1
   b - Slow                           Hexes                        2
   c - Inner Flame                    Hexes/Fire                   3
   d - Portal Projectile              Hexes/Translocation          3
   e - Cause Fear                     Hexes                        4
   f - Leda's Liquefaction            Hexes/Earth                  4
Comestibles
 c - 6 rations
 t - a chunk of flesh


   Skills:
 - Level 1.1 Fighting
 - Level 2.1 Crossbows
 - Level 2.0 Dodging
 + Level 4.7 Unarmed Combat
 - Level 1.0 Spellcasting
 - Level 3.0 Hexes


You had one spell level left.
You knew the following spells:

 Your Spells              Type           Power        Failure   Level  Hunger
a - Corona                Hex            ##.....      6%          1    ##.....
w - Cause Fear            Hex            ##........   52%         4    #####..


Dungeon Overview and Level Annotations

Branches:
Dungeon (3/15)

Altars:
Nemelex Xobeh


Innate Abilities, Weirdness & Mutations

You cannot wear most types of armour.
You are very stealthy in the water. (Stealth+)
You are amphibious.
You can wear up to eight rings at the same time.
You can use your tentacles to constrict eight enemies at once.
Your skin changes colour to match your surroundings (Stealth+).
Your rubbery body absorbs attacks. (AC +1, EV +1)


Message History

You feel sick. The adder misses you. The adder closely misses you.
You take 1 damage, and have 24/28 hp.
Firing (i - inventory):
d - 2 bolts (quivered)
Press: ? - help, Shift-Dir - straight line, f/p - adder
Aim: an adder (severely wounded)
You shoot a bolt. The bolt barely misses the adder.
The bolt hits the goblin!
You kill the goblin!
You have reached level 5!
You feel clever.
You feel sick. The adder closely misses you. The adder misses you.
You regained 3 hp, and now have 27/33 hp.
MP restored: 6 Firing (i - inventory):
d - a bolt (quivered)
Press: ? - help, Shift-Dir - straight line, f/p - adder
Aim: an adder (severely wounded)
You shoot a bolt. The bolt misses the adder.
The bolt hits the gnoll!
The gnoll is severely wounded.
The adder closely misses you.
Firing (i - inventory): No suitable missiles.
Press: ? - help, Shift-Dir - straight line, f/p - adder
Aim: an adder (severely wounded)
Okay, then.
Firing (i - inventory): No suitable missiles.
Press: ? - help, Shift-Dir - straight line, f/p - adder
Aim: an adder (severely wounded)
Okay, then.
Firing (i - inventory): No suitable missiles.
Press: ? - help, Shift-Dir - straight line, f/p - adder
Aim: an adder (severely wounded)
Okay, then.
Firing (i - inventory): No suitable missiles.
Press: ? - help, Shift-Dir - straight line, f/p - adder
Aim: an adder (severely wounded)
Okay, then.
Firing (i - inventory): No suitable missiles.
Press: ? - help, Shift-Dir - straight line, f/p - adder
Aim: an adder (severely wounded)
Okay, then.
Firing (i - inventory): No suitable missiles.
Press: ? - help, Shift-Dir - straight line, f/p - adder
Aim: an adder (severely wounded)
Okay, then.
You are now empty-tentacled.
The adder misses you.
You tentacle-slap the adder but do no damage.
Your grab misses the adder. Your squeeze misses the adder.
The adder is severely wounded.
The adder barely misses you.
You tentacle-slap the adder.
You kill the adder!
You feel sick.
You take 1 damage, and have 27/33 hp.
You tentacle-slap the gnoll but do no damage.
Your grab misses the gnoll.
The gnoll is severely wounded.
You tentacle-slap the gnoll but do no damage.
You grab the gnoll.
You kill the gnoll!
You closely miss the gnoll. You grab the gnoll.
The gnoll is moderately wounded.
You constrict the gnoll. The gnoll hits you with a whip!
You take 9 damage, and have 18/33 hp.
MASSIVE DAMAGE!!
You tentacle-slap the gnoll.
The gnoll is severely wounded.
You constrict the gnoll.
You feel sick. The gnoll closely misses you.
You take 1 damage, and have 17/33 hp.
You completely miss the gnoll.
You kill the gnoll!
You barely miss the gnoll. You grab the gnoll. You constrict the gnoll.
You tentacle-slap the gnoll. You squeeze the gnoll.
The gnoll is severely wounded.
You constrict the gnoll. The gnoll hits you but does no damage.
The gnoll completely misses you.
You tentacle-slap the gnoll.
The gnoll is almost dead.
You constrict the gnoll. The gnoll closely misses you.
The gnoll hits you from afar with a spear!
* * * LOW HITPOINT WARNING * * *
You take 7 damage, and have 11/33 hp.
MASSIVE DAMAGE!!
Unknown command.
You tentacle-slap the gnoll but do no damage.
The gnoll is almost dead.
You constrict the gnoll.
You feel sick. The gnoll hits you with a whip.
* * * LOW HITPOINT WARNING * * *
The gnoll closely misses you.
You take 4 damage, and have 7/33 hp.
Unknown command.
You tentacle-slap the gnoll.
You kill the gnoll!
The gnoll hits you but does no damage. The gnoll hits you with a spear.
* * * LOW HITPOINT WARNING * * *
Items here: ))) ††† You take 5 damage, and have 2/33 hp.
Unknown command.
Okay, then.
You tentacle-slap the gnoll but do no damage.
Your grab misses the gnoll. You squeeze the gnoll!
The gnoll is almost dead.
The gnoll hits you with a spear.
You die...

(.. ... # ..
#.######## #.#.
.........#
#(>(###..#####.######
#..(..#..##.........#
##...g.#..##.#######.#
............##.# #.#
####.....##g##.#
#.##### #.....##@##.#
#...... ###.####.##.#
#.##### #. #...)# #.#
#. ####.# #.# #. #...
..# ####.# ### #


You could see a gnoll.

Vanquished Creatures
  3 gnolls (D:3)
  6 adders
  2 dart slugs (D:2)
  3 leopard geckos
  A ball python (D:2)
  12 giant cockroaches
  9 goblins
  4 hobgoblins
  3 jackals (D:2)
  5 kobolds
  6 bats
  3 frilled lizards
  4 rats
61 creatures vanquished.

Notes
Turn   | Place    | Note
-------+----------+-------------------------------------------
     0 | D:1      | Monsterracer the Octopode Arcane Marksman began the quest for the Orb.
     0 | D:1      | Reached XP level 1. HP: 13/13 MP: 2/2
   249 | D:1      | HP: 5/13 [rat (3)]
   484 | D:1      | HP: 6/13 [leopard gecko (1)]
   485 | D:1      | Reached skill level 1 in Unarmed Combat
   485 | D:1      | Reached XP level 2. HP: 8/18 MP: 3/3
  1027 | D:2      | Reached skill level 2 in Unarmed Combat
  1070 | D:2      | Reached XP level 3. HP: 19/23 MP: 4/4
  1167 | D:2      | HP: 7/23 [hobgoblin/club (5)]
  1168 | D:2      | HP: 3/23 [hobgoblin/club (4)]
  1265 | D:2      | HP: 9/23 [bat (1)]
  1504 | D:2      | Found a sparkling altar of Nemelex Xobeh.
  1618 | D:2      | Reached skill level 3 in Unarmed Combat
  1694 | D:2      | Reached XP level 4. HP: 21/28 MP: 5/5
  2093 | D:2      | Reached skill level 4 in Unarmed Combat
  2099 | D:2      | Learned a level 4 spell: Cause Fear
  2109 | D:2      | HP: 14/28 [adder (5)]
  2114 | D:2      | HP: 11/28 [poisoned by an adder]
  2119 | D:2      | HP: 10/28 [poisoned by an adder]
  2126 | D:2      | HP: 8/28 [poisoned by an adder]
  2134 | D:2      | HP: 7/28 [poisoned by an adder]
  2843 | D:3      | Reached XP level 5. HP: 28/33 MP: 6/6
  2855 | D:3      | HP: 11/33 [gnoll/spear (7)]
  2858 | D:3      | HP: 2/33 [gnoll/spear (5)]
  2859 | D:3      | Slain by a gnoll

Skill      XL: |  1  2  3  4 |
---------------+-------------+-----
Unarmed Combat | 1 2 3 4 |  4.7
Fighting       | |  1.1
Crossbows      | |  2.1
Dodging        | |  2.0
Spellcasting   | |  1.0
Hexes          | |  3.0

Action                   |  1- 3 |  4- 6 || total
-------------------------+-------+-------++-------
Melee: Dagger            |     6 |       ||     6
       Unarmed           |    44 |    23 ||    67
       Constrict         |    16 |     4 ||    20
       Tentacles         |     7 |     6 ||    13
 Fire: Hand crossbow     |    52 |    32 ||    84
  Use: Scroll            |       |     1 ||     1
 Stab: Sleeping          |     3 |     1 ||     4
  Eat: Chunk             |     2 |     4 ||     6
Armor: Skin              |     5 |       ||     5
Dodge: Dodged            |    34 |    28 ||    62

Vault maps used:
D:1:      minmay_arrival_nine_rooms
D:2:      minmay_roachtagon, nemelex_altar_shiori, serial_glass,
          glass_columns_b, glass_columns_b
D:3:      fedhas_altar_4
